 Dungeon Crawl Stone Soup version 0.20-a0-1040-gfd09691 (webtiles) character file.

1061 Gorglomux the Tainter (level 8, -2/62 HPs)
             Began as a Naga Venom Mage on Apr 23, 2017.
             Was a Follower of Cheibriados.
             Slain by Prince Ribbit (12 damage)
             ... on level 6 of the Dungeon.
             The game lasted 00:18:29 (6478 turns).

Gorglomux the Tainter (Naga Venom Mage)             Turns: 6478, Time: 00:18:29

Health: -2/62      AC:  5    Str: 15    XL:     8   Next: 27%
Magic:  0/14       EV: 10    Int: 22    God:    Cheibriados [*.....]
Gold:   135        SH:  0    Dex: 14    Spells: 3/15 levels left

rFire    . . .     SeeInvis +   k - +0 dagger
rCold    . . .     Gourm    +   (no shield)
rNeg     . . .     Faith    .   B - +0 robe of Zin's Displeasure {Str+2}
rPois    +         Spirit   .   w - +0 helmet
rElec    .         Reflect  .   t - +0 cloak
rCorr    .         Harm     .   (no gloves)
MR       +....                  (no barding)
Stlth    ++++......             i - amulet of the gourmand {Gourm, !d}
Regen    0.2/turn               j - ring of stealth {Stlth+}
MPRegen  0.2/turn               (no ring)

@: very slow
A: see invisible, deformed body, poison resistance, slowness 2, slow metabolism
1, spit poison 1, AC +2
a: Spit Poison, Bend Time, Renounce Religion


You were on level 6 of the Dungeon.
You worshipped Cheibriados.
Cheibriados was aware of your devotion.
You were very full.

You visited 1 branch of the dungeon, and saw 6 of its levels.

You collected 174 gold pieces.
You spent 39 gold pieces at shops.

Inventory:

Hand Weapons
 k - a +0 dagger (weapon)
   (You found it on level 1 of the Dungeon)
 y - a +1 hunting sling of flaming
   (You took it off a goblin on level 3 of the Dungeon)
 z - a +0 shortbow
   (You took it off a centaur on level 5 of the Dungeon)
Missiles
 I - 30 arrows
 J - 15 sling bullets
Armour
 t - a +0 cloak (worn)
   (You found it on level 2 of the Dungeon)
 w - a +0 helmet (worn)
   (You took it off Robin on level 3 of the Dungeon)
 B - the +0 robe of Zin's Displeasure (worn) {Str+2}
   (You found it on level 4 of the Dungeon)

   It affects your strength (+2).
 E - the +1 leather armour of the Arcane {+Fly rElec Int-2}
   (You found it on level 4 of the Dungeon)

   It affects your intelligence (-2).
   It insulates you from electricity.
   It lets you fly.
Magical Staves
 H - an uncursed staff of fire {rF+}
   (You found it on level 5 of the Dungeon)
Jewellery
 e - an uncursed amulet of magic regeneration
   (You found it on level 1 of the Dungeon)
 i - an amulet of the gourmand (around neck) {Gourm, !d}
   (You took it off a kobold on level 1 of the Dungeon)
 j - a ring of stealth (left hand) {Stlth+}
   (You found it on level 1 of the Dungeon)
 v - an uncursed ring of fire {rF+, rC-}
   (You found it on level 4 of the Dungeon)
 G - a +2 amulet of reflection
   (You found it on level 5 of the Dungeon)
 K - an uncursed ring of fire {rF+, rC-}
   (You found it on level 5 of the Dungeon)
Wands
 h - a wand of iceblast (10/15)
   (You found it on level 5 of the Dungeon)
Scrolls
 f - 3 scrolls of identify
 g - 2 scrolls of remove curse
 m - a scroll of enchant armour {unknown}
 r - a scroll of teleportation
 x - 2 scrolls of recharging {unknown}
 A - 3 scrolls of immolation {!r}
 N - a scroll of silence {unknown}
Potions
 a - a potion of resistance {unknown}
 d - 3 potions of invisibility {unknown}
 l - a potion of flight {unknown}
 n - 2 potions of brilliance {unknown}
 o - 2 potions of lignification {unknown}
 q - 3 potions of heal wounds {unknown}
 C - a potion of mutation {unknown}
 D - a potion of magic {unknown}
 F - a potion of might {unknown}
 L - a potion of curing {unknown}
 M - a potion of haste {unknown}
Books
 b - a Young Poisoner's Handbook
Comestibles
 c - 8 bread rations {@e1@e1}
 s - a royal jelly
 u - 3 meat rations {@e2@e2}


   Skills:
 - Level 1.5 Dodging
 - Level 5.0 Stealth
 + Level 4.1 Spellcasting
 * Level 5.4 Conjurations
 * Level 8.7 Poison Magic


You had 3 spell levels left.
You knew the following spells:

 Your Spells              Type           Power        Failure   Level  Hunger
a - Sting                 Conj/Pois      ####         1%          1    None
b - Poisonous Vapours     Pois/Air       ###...       2%          2    #......
c - Olgreb's Toxic Radia  Pois           #####...     3%          4    ####...
d - Venom Bolt            Conj/Pois      #####.....   16%         5    ######.


Dungeon Overview and Level Annotations

Branches:
Dungeon (6/15)
 Temple: D:4-7

Altars:
Cheibriados
Kikubaaqudgha
Uskayaw

Shops:
D:4 ?

Annotations:
D:5 Jessica
D:6 Prince Ribbit


Innate Abilities, Weirdness & Mutations

You cannot wear boots.
Your serpentine skin is tough. (AC +2)
You have supernaturally acute eyesight. (SInv)
Armour fits poorly on your strangely shaped body.
Your system is resistant to poisons. (rPois)
You cover ground very slowly.
You have a slow metabolism.
You can spit poison.


Message History

6 chunks of flesh {@w0@w0}; a centaur skeleton Jessica gestures at you while chanting.
Pain shoots through your body!
* * * LOW HITPOINT WARNING * * *
The water moccasin hisses angrily.
You see here 3 arrows.
You take 6 damage, and have 9/62 hp.
Jessica hits you but does no damage.
There is an escape hatch in the ceiling here.
The water moccasin bites you.
* * * LOW HITPOINT WARNING * * *
Jessica hits you but does no damage. A mysterious force pulls you upwards.
The hatch slams shut behind you.
You take 5 damage, and have 5/62 hp.
Really read
p - a scroll of blinking {!r}?
Blink to where?
As you read the scroll of blinking {!r}, it crumbles to dust.
As you read the scroll of teleportation, it crumbles to dust.
You feel strangely unstable.
Aim: Jessica, wearing a robe Poisonous vapours surround Jessica!
Jessica is engulfed in poison gas.
Jessica is poisoned.
Jessica mumbles some strange words.
Jessica blinks!
You now have 1/14 mp.
An orc comes into view.
The water moccasin bites you.
* * * LOW HITPOINT WARNING * * *
You take 4 damage, and have 2/62 hp.
Unknown command.
Your surroundings suddenly seem different.
You start resting.
Your magical contamination has completely faded away.
You regained 15 hp, and now have 18/62 hp.
You regained 11 mp, and now have 13/14 mp.
You start resting.
Some of the chunks of flesh in your inventory have rotted away.
All of the chunks of flesh in your inventory have rotted away.
Health restored: 62; MP restored: 14 You see here a chain mail.
There is a stone staircase leading down here.
You start waiting.
Done waiting.
You climb downwards.
There is a stone staircase leading up here.
You hear a distant blaring wail to the northwest.
Prince Ribbit comes into view.
You begin to radiate toxic energy.
Prince Ribbit gives a loud, deep croak!
Prince Ribbit is poisoned.
Unknown command.
You now have 10/14 mp.
Aim: Prince Ribbit (lightly wounded, poisoned) Poisonous vapours surround Prince Ribbit!
Prince Ribbit is engulfed in poison gas.
Prince Ribbit looks even sicker.
You now have 8/14 mp.
Aim: Prince Ribbit (lightly wounded, poisoned) Poisonous vapours surround Prince Ribbit!
Prince Ribbit looks even sicker.
Prince Ribbit is engulfed in poison gas.
Prince Ribbit looks as sick as possible!
You now have 6/14 mp.
Aim: Prince Ribbit (moderately wounded, poisoned)
The bolt of poison misses Prince Ribbit.
Prince Ribbit looks as sick as possible!
Your toxic aura wanes.
You now have 1/14 mp.
Prince Ribbit hits you!
Items here: ( )) ? an uncursed war axe; a scroll of identify; 22 arrows; an uncursed shortbow You take 7 damage, and have 55/62 hp.
Aim: Prince Ribbit (moderately wounded, poisoned)
The splash of poison hits Prince Ribbit.
Prince Ribbit looks as sick as possible!
You feel slightly less full. Prince Ribbit misses you.
You hit Prince Ribbit. Prince Ribbit barely misses you. Prince Ribbit hits you!
You take 10 damage, and have 45/62 hp.
Unknown command.
Aim: Prince Ribbit (severely wounded, poisoned)
The sting misses Prince Ribbit.
Prince Ribbit hits you!!
You take 19 damage, and have 26/62 hp.
MASSIVE DAMAGE!!
You now have 1/14 mp.
Aim: Prince Ribbit (severely wounded, poisoned)
The sting hits Prince Ribbit.
Prince Ribbit hits you.
You take 5 damage, and have 21/62 hp.
You now have 0/14 mp.
You miss Prince Ribbit.
You have got your breath back.
Prince Ribbit hits you!
* * * LOW HITPOINT WARNING * * *
Prince Ribbit mumbles some strange words.
Prince Ribbit looks slightly unstable.
You take 11 damage, and have 10/62 hp.
Unknown command.
Okay, then.
Aim: Prince Ribbit (almost dead, poisoned)
Okay, then.
Prince Ribbit hits you!
You die...

#.# #######.###
S.........######.
.................
.######.#.######.
#.######.#)#########
....................
#........#F.########
#..####.##@.#
#.##(.# #.##<.#
#.##...# #.##.#.#
#.##.#..# #.##.##.#
##.##.# .. #...#.#
#.#


You could see Prince Ribbit.

Vanquished Creatures
  An ice beast (D:5)
  3 centaurs
  3 vampire bats (D:5)
  A hound (D:6)
  2 orc wizards (D:4)
  Natasha (D:3)
  3 iguanas (D:5)
  7 worker ants
  A hound skeleton (D:4)
  Robin (D:3)
  A river rat (D:4)
  7 adders
  6 worms
  3 dart slugs (D:1)
  3 leopard geckos
  10 orcs
  3 ball pythons
  11 bats
  2 bat skeletons (D:5)
  3 bat zombies (D:5)
  7 giant cockroaches
  16 goblins
  12 hobgoblins
  8 jackals
  7 kobolds
  3 quokkas
  4 frilled lizards
  A giant cockroach zombie (D:5)
  6 rats
136 creatures vanquished.

Notes
Turn   | Place    | Note
-------+----------+-------------------------------------------
     0 | D:1      | Gorglomux the Naga Venom Mage began the quest for the Orb.
     0 | D:1      | Reached XP level 1. HP: 15/15 MP: 3/3
   341 | D:1      | Reached XP level 2. HP: 22/22 MP: 0/5
   398 | D:1      | Learned a level 2 spell: Poisonous Vapours
   812 | D:1      | Reached XP level 3. HP: 27/28 MP: 3/6
  1604 | D:2      | Reached skill level 5 in Poison Magic
  1604 | D:2      | Reached XP level 4. HP: 36/36 MP: 3/7
  1679 | D:2      | Learned a level 4 spell: Olgreb's Toxic Radiance
  1839 | D:2      | Reached skill level 2 in Conjurations
  2469 | D:3      | Noticed Jessica
  2571 | D:3      | Noticed Robin
  2684 | D:3      | Killed Robin
  2684 | D:3      | Reached XP level 5. HP: 42/42 MP: 1/9
  2916 | D:3      | Reached skill level 6 in Poison Magic
  3070 | D:3      | Noticed Natasha
  3073 | D:3      | Killed Natasha
  3073 | D:3      | Reached skill level 4 in Stealth
  3193 | D:4      | Found Dunul's Magic Scroll Emporium.
  3201 | D:4      | Bought a scroll of identify for 26 gold pieces
  3201 | D:4      | Bought a scroll of noise for 13 gold pieces
  3392 | D:4      | Got a distressingly furry robe
  3403 | D:4      | Identified the +0 robe of Zin's Displeasure {Str+2} (You found it on level 4 of the Dungeon)
  3567 | D:4      | Reached skill level 3 in Spellcasting
  3567 | D:4      | Reached XP level 6. HP: 43/49 MP: 5/10
  3623 | D:4      | Reached skill level 3 in Conjurations
  3968 | D:4      | Found a hide-covered altar of Uskayaw.
  3997 | D:4      | Got a translucent leather armour
  4174 | D:5      | Entered Level 5 of the Dungeon
  4239 | D:5      | Found a snail-covered altar of Cheibriados.
  4283 | D:5      | Became a worshipper of Cheibriados the Contemplative
  4773 | D:5      | Reached skill level 5 in Stealth
  4773 | D:5      | Reached skill level 7 in Poison Magic
  4773 | D:5      | Reached XP level 7. HP: 42/55 MP: 2/12
  4916 | D:5      | Found an ancient bone altar of Kikubaaqudgha.
  5010 | D:5      | Identified the +1 leather armour of the Arcane {+Fly rElec Int-2} (You found it on level 4 of the Dungeon)
  5074 | D:5      | Learned a level 5 spell: Venom Bolt
  5260 | D:5      | Reached skill level 4 in Conjurations
  5500 | D:5      | Reached * piety under Cheibriados
  5684 | D:5      | Reached skill level 8 in Poison Magic
  5930 | D:6      | Reached skill level 4 in Spellcasting
  5930 | D:6      | Reached skill level 5 in Conjurations
  5930 | D:6      | Reached XP level 8. HP: 32/62 MP: 0/14
  6033 | D:6      | HP: 14/62 [centaur/uncursed war axe (5)]
  6038 | D:6      | HP: 9/62 [Jessica/nerve-wracking pain (6)]
  6045 | D:5      | HP: 2/62 [water moccasin (4)]
  6468 | D:6      | Noticed Prince Ribbit
  6477 | D:6      | HP: 10/62 [Prince Ribbit (12)]
  6478 | D:6      | Slain by Prince Ribbit

Vault maps used:
D:1:      nicolae_arrival_memento_mori
D:2:      first_bread, lightli_corner_chamber
D:3:      uniq_natasha, uniq_robin, uniq_jessica
D:4:      overflow_temple_1_default, gup_sewer_entry_bowl, serial_shops, shop,
          serial_park_tiny_2
D:5:      kennysheep_vampire_church, lemuel_doored_altar
D:6:      minmay_temple_entry_overgrown, uniq_prince_ribbit1, uniq_blork_the_orc

Skill      XL: |  1  2  3  4  5  6  7 |
---------------+----------------------+-----
Poison Magic   | 5 6 7 8 |  8.7
Conjurations   | 2 3 5 |  5.4
Stealth        | 4 5 |  5.0
Spellcasting   | 3 4 |  4.1
Dodging        | |  1.5

Action                   |  1- 3 |  4- 6 |  7- 9 || total
-------------------------+-------+-------+-------++-------
Melee: Unarmed           |     8 |       |       ||     8
       Dagger            |    20 |    98 |    72 ||   190
       Staff             |       |    17 |       ||    17
 Fire: Hunting sling     |       |    22 |    34 ||    56
       Shortbow          |       |       |     4 ||     4
 Cast: Sting             |    64 |    77 |    26 ||   167
       Poisonous Vapours |     3 |     7 |     6 ||    16
       Olgreb's Toxic Ra |       |    11 |     8 ||    19
       Venom Bolt        |       |       |     2 ||     2
 Abil: Spit Poison       |    18 |     9 |     7 ||    34
  Use: Scroll            |       |     1 |     6 ||     7
 Stab: Sleeping          |     2 |     6 |     3 ||    11
  Eat: Chunk             |     3 |    15 |     6 ||    24
       Meat ration       |       |     1 |       ||     1
Armor: Robe              |    12 |    52 |   115 ||   179
Dodge: Dodged            |    39 |    97 |   164 ||   300

Vault maps used:
D:1:      nicolae_arrival_memento_mori
D:2:      first_bread, lightli_corner_chamber
D:3:      uniq_natasha, uniq_robin, uniq_jessica
D:4:      overflow_temple_1_default, gup_sewer_entry_bowl, serial_shops, shop,
          serial_park_tiny_2
D:5:      kennysheep_vampire_church, lemuel_doored_altar
D:6:      minmay_temple_entry_overgrown, uniq_prince_ribbit1, uniq_blork_the_orc

Table legend:
 A = Turns spent in this place as a percentage of turns spent in the entire game.
 B = Non-inter-level travel turns spent in this place as a percentage of non-inter-level travel turns spent in the entire game.
 C = Inter-level travel turns spent in this place as a percentage of turns spent in this place.
 D = Turns resting spent in this place as a percentage of non-inter-level travel turns spent in this place.
 E = Turns spent auto-exploring this place as a percentage of non-inter-level travel turns spent in this place.
 F = Non-inter-level travel turns spent in this place divided by the number of levels of this place that you've seen.
                   A       B       C       D       E      F
               +-------+-------+-------+-------+-------+----------------------
         Total | 100.0 | 100.0 |   0.3 |   5.7 |   8.0 | 322.8
       Dungeon | 100.0 | 100.0 |   0.3 |   5.7 |   8.0 | 322.8
               +-------+-------+-------+-------+-------+----------------------

Table legend:
 A = Kills in this place as a percentage of kills in entire the game.
 B = Kills by you in this place as a percentage of kills by you in the entire game.
 C = Kills by friends in this place as a percentage of kills by friends in the entire game.
 D = Other kills in this place as a percentage of other kills in the entire game.
 E = Experience gained in this place as a percentage of experience gained in the entire game.
 F = Experience gained in this place divided by the number of levels of this place that you have seen.
                   A       B       C       D       E      F
               +-------+-------+-------+-------+-------+----------------------
         Total | 100.0 | 100.0 |  -nan |  -nan | 100.0 | 252.8
       Dungeon | 100.0 | 100.0 |  -nan |  -nan | 100.0 | 252.8
               +-------+-------+-------+-------+-------+----------------------
